AoeStats
← Maximus1743

Golden Pit

509730802Analyzed
1v1 RM · 3d ago on Sep 27, 2026· 34m 22s· 2 players
Game mode
Random Map
Map size
Tiny (2 player)
Population
200
Speed
Normal
Resources
Standard
Victory
Conquest
Starting age
Dark Age
Ending age
Imperial Age
RankedLock teamsTeams togetherTeam positionsShared explorationLock speedFull tech treeHidden civsTurbo modeCheats
Victory
Defeat
🇲🇽 Mongols · Mexico
1307
+15
🇲🇽 Varangians · Mexico
1295
-15
Maximus1743
6:56 Loom
9:18 Feudal Age
11:16 Bloodlines
17:41 Horse Collar
18:11 Scale Barding Armor
24:49 Castle Age
23:40 Forging
25:46 Light Cavalry
26:44 Double-Bit Axe
27:45 Wheelbarrow
27:22 Husbandry
29:03 Town Watch
31:35 Pikeman
32:56 Squires
manuelarturo1997
1:35 Loom
3:42 Loom
5:57 Loom
8:01 Feudal Age
12:26 Scale Barding Armor
16:06 Forging
18:07 Bloodlines
21:29 Double-Bit Axe
23:11 Wheelbarrow
26:41 Castle Age
27:46 Chain Barding Armor
28:12 Husbandry
33:17 Town Watch
Connection lost

Rejoining the realm…

Still unreachable

The connection could not be restored.

Session expired

The server has moved on; the page needs a fresh start.